Map: Blackpink LE

Players

Kozzy - Winner!

  • Race: Protoss Protoss
  • League: Gold
  • Spawn Location: 1:00

RyanFirrow

  • Race: Protoss Protoss
  • League: Silver
  • Spawn Location: 7:00

VOD

Have the link to the VOD?

Description

Time

  • Played on: April 6, 2018, 3:33 a.m.
  • Length: 6:25
Show
View Real Time Build Order
Export as new Build Order

Kozzy Protoss - Winner!

Build Orders:  

Get SALT Encoding   

  12  0:01  Probe  
  13  0:13  Probe  
  14  0:19  Pylon  
  14  0:25  Probe  
  15  0:37  Probe (Chrono Boost)  
  15  0:40  Gateway  
  16  0:49  Probe (Chrono Boost)  
  17  0:55  Probe (Chrono Boost), Assimilator  
  18  1:03  Probe  
  19  1:16  Probe, Forge  
  20  1:41  Cybernetics Core  
  20  1:47  Pylon  
  19  2:01  Protoss Ground Weapons Level 1 (Chrono Boost)  
  19  2:07  Zealot  
  21  2:14  Gateway  
  21  2:17  Warp Gate (Chrono Boost)  
  21  2:23  Pylon  
  21  2:29  Probe  
  24  2:37  Zealot  
  24  2:46  Gateway x2  
  24  2:51  Pylon  
  24  3:01  Photon Cannon  
  24  3:03  Shield Battery  
  24  3:19  Pylon  
  24  3:20  Zealot  
  26  3:33  Stalker  
  28  3:34  Pylon  
  28  3:40  Gateway  
  28  3:55  Shield Battery  
  28  4:13  Zealot x3  
  28  4:14  Zealot  
  36  4:30  Pylon  
  36  4:36  Stalker x2  
  40  4:44  Stalker  
  42  4:54  Stalker  
  44  5:39  Stalker  
  44  5:40  Stalker x4  
Show
View Real Time Build Order
Export as new Build Order

RyanFirrow Protoss 

Build Orders: Zealot Archon 

Get SALT Encoding   

  12  0:02  Probe  
  13  0:14  Probe  
  14  0:20  Pylon  
  14  0:26  Probe  
  15  0:39  Gateway  
  15  0:46  Assimilator  
  15  0:49  Probe  
  16  0:55  Pylon  
  16  1:01  Probe (Chrono Boost)  
  18  1:12  Probe (Chrono Boost)  
  18  1:17  Probe (Chrono Boost)  
  18  1:18  Assimilator  
  19  1:27  Probe  
  19  1:29  Zealot  
  22  1:38  Cybernetics Core  
  22  1:45  Probe  
  22  1:57  Probe  
  23  2:10  Warp Gate (Chrono Boost)  
  23  2:24  Probe  
  24  2:39  Nexus  
  24  2:42  Pylon  
  24  2:48  Zealot  
  26  2:57  Twilight Council  
  26  3:04  Forge  
  26  3:10  Probe  
  27  3:30  Shield Battery  
  27  3:34  Probe, Charge (Chrono Boost)  
  30  3:46  Probe (Chrono Boost)  
  29  3:52  Protoss Ground Weapons Level 1 (Chrono Boost)  
  30  3:56  Probe (Chrono Boost)  
  30  3:58  Probe (Chrono Boost)  
  31  4:04  Probe (Chrono Boost)  
  31  4:06  Probe (Chrono Boost), Robotics Facility  
  33  4:26  Gateway  
  33  4:32  Gateway  
  33  4:39  Pylon  
  33  4:42  Templar Archives  
  33  4:44  Probe x2  
  35  4:54  Assimilator  
  35  4:56  Probe x2  
  35  4:58  Stalker  
  39  5:07  Pylon  
  39  5:08  Probe x2  
  39  5:10  Photon Cannon  
  41  5:15  Shield Battery  
  41  5:20  Probe  
  37  5:32  High Templar x3  
  37  5:37  Archon  
Tags
 
Composition
Zealot Archon
Matchup
PvP
Spawn Locations
Cross Positions
Add a new tag
Caveats
  • Supply blocks, unpowered buildings, or Contaminate may cause inaccurate times.
  • Supply counts are checked every 10 seconds.